 Dungeon Crawl Stone Soup version 0.27-a0-393-gba1aca71f1 (webtiles) character file.

Game seed: 10207177171068894756

10446 EldarEldrad the Cleaver (level 11, 0/141 HPs)
             Began as a Minotaur Berserker on Feb 20, 2021.
             Was a High Priest of Trog.
             Slain by a black mamba (6 damage)
             ... on level 2 of the Lair of Beasts.
             The game lasted 00:42:11 (10924 turns).

EldarEldrad the Cleaver (Minotaur Berserker)       Turns: 10924, Time: 00:42:11

Health: 0/141      AC: 15    Str: 23    XL:     11   Next: 36%
Magic:  10/10      EV: 11    Int:  4    God:    Trog [*****.]
Gold:   356        SH:  5    Dex: 12    Spells: 10/10 levels left

rFire    + . .     SeeInvis .   a - +0 war axe
rCold    . . .     Faith    .   h - +0 buckler
rNeg     . . .     Spirit   .   L - +2 ring mail {rPois}
rPois    +         Reflect  .   d - +1 hat
rElec    .         Harm     .   w - +0 cloak
rCorr    .         Rampage  .   j - +0 pair of gloves
Will     +....                  H - +0 pair of boots
Stlth    ..........             M - amulet of regeneration
HPRegen  1.33/turn              I - ring of protection from fire
MPRegen  0.12/turn              x - ring of willpower

@: berserking, very quick
A: retaliatory headbutt, horns 2
a: Renounce Religion, Berserk, Trog's Hand, Brothers in Arms


You were on level 2 of the Lair of Beasts.
You worshipped Trog.
Trog was extremely pleased with you.
You visited 3 branches of the dungeon, and saw 11 of its levels.

You collected 617 gold pieces.
You spent 261 gold pieces at shops.

Inventory:

Hand Weapons
 a - a +0 war axe (weapon)
 b - a +2 vorpal flail
Missiles
 F - 31 poisoned darts (quivered)
Armour
 d - a +1 hat (worn)
 h - a +0 buckler (worn)
 j - a +0 pair of gloves (worn)
 w - a +0 cloak (worn)
 A - +0 shadow dragon scales
 H - a +0 pair of boots (worn)
 L - a +2 ring mail of poison resistance (worn)
Jewellery
 u - an amulet of reflection
 x - a ring of willpower (right hand)
 I - a ring of protection from fire (left hand)
 M - an amulet of regeneration (around neck)
 N - a ring of positive energy
 O - a ring of protection from cold
Wands
 i - a wand of digging (4)
 C - a wand of mindburst (13)
 D - a wand of paralysis (6)
 J - a wand of polymorph (4)
Scrolls
 c - a scroll of holy word
 e - 5 scrolls of fear {unknown}
 f - 2 scrolls of enchant armour {unknown}
 g - a scroll of blinking
 k - 3 scrolls of immolation {unknown}
 n - 3 scrolls of fog {unknown}
 o - 4 scrolls of magic mapping
 q - 4 scrolls of teleportation
 y - 4 scrolls of enchant weapon
 E - a scroll of amnesia {unknown}
 K - a scroll of brand weapon {unknown}
Potions
 l - 3 potions of curing
 m - a potion of invisibility
 p - 2 potions of mutation
 r - 4 potions of haste
 s - 3 potions of might
 t - a potion of cancellation
 v - 2 potions of flight
 B - a potion of berserk rage


   Skills:
 - Level 8.0 Fighting
 - Level 14.0 Axes
 - Level 12.0 Armour
 * Level 2.2 Dodging
 - Level 5.0 Shields
 - Level 5.0 Evocations


You had 10 spell levels left.
You didn't know any spells.
Your spell library was empty.

Dungeon Overview and Level Annotations

Branches:
Dungeon (8/15)             Temple (1/1) D:6            Lair (2/6) D:8
  Swamp: Lair:2-4    Shoals: Lair:2-4     Snake: Lair:2-4    Spider: Lair:2-4

Altars:
Ashenzari
Cheibriados
Dithmenos
Elyvilon
Fedhas
Gozag
Hepliaklqana
Kikubaaqudgha
Makhleb
Nemelex Xobeh
Okawaru
Qazlal
Ru
Sif Muna
Trog
Uskayaw
Vehumet
Yredelemnul
Zin
The Shining One

Shops:
D:5 *   D:7 (

Annotations:
Lair:1 exclusion: 3 oklob plants


Innate Abilities, Weirdness & Mutations

You reflexively headbutt those who attack you in melee.
You have a pair of horns on your head.


Message History

The black mamba bites you but does no damage.
Unknown command.
You hit the komodo dragon.
You headbutt the komodo dragon, but do no damage.
The komodo dragon is heavily wounded.
You closely miss the black mamba. The black mamba closely misses you.
You block the komodo dragon's attack.
Unknown command.
You barely miss the komodo dragon.
The komodo dragon is heavily wounded.
You hit the black mamba. The black mamba bites you!
The komodo dragon bites you. The black mamba misses you.
Unknown command.
You slash the komodo dragon!
The komodo dragon is severely wounded.
You hit the black mamba.
The black mamba bites you but does no damage.
The komodo dragon bites you!!
Unknown command.
You closely miss the komodo dragon. You headbutt the komodo dragon.
The komodo dragon is almost dead.
You hit the black mamba. The black mamba bites you. The black mamba bites you!
The komodo dragon bites you!!
* * * LOW HITPOINT WARNING * * *
A red film seems to cover your vision as you go berserk!
You feel yourself moving faster!
You feel mighty! The black mamba barely misses you. You furiously retaliate!
You headbutt the black mamba! The komodo dragon bites you!!
* * * LOW HITPOINT WARNING * * *
You slash the komodo dragon!
You kill the komodo dragon!
Trog accepts your kill.
You hit the black mamba. The black mamba barely misses you.
Training target 5.0 for Evocations reached!
Your Evocations skill increases to level 5!
You need to enable at least one skill for training.
You barely miss the black mamba. Your headbutt misses the black mamba.
The black mamba is severely wounded.
The black mamba bites you.
You die...

..## #.. ...## ... ...## ## ...#
.... #P## ## ####...# #..
...#########.##...♣..########.#
P..##.##...##.(.#.......#P....###
...#.......P...S†#+##.....P.....†
...#............@........##.....†
.................................
††.......................^.......
†.......................<........
.................................
.................................
#...............................#
#..##.#.#....##........#..####.##
############P##P#....###### ##


You could see a black mamba.

Vanquished Creatures
  2 hydras (Lair:1)
  A black mamba (Lair:1)
  A rime drake (Lair:2)
  3 komodo dragons
  Prince Ribbit (D:7)
  3 polar bears
  6 blink frogs
  Sigmund (D:3)
  11 yaks (Lair:1)
  Eustachio (D:6)
  A basilisk (Lair:2)
  Edmund (D:4)
  2 water moccasins
  An ice beast (D:5)
  2 hornet zombies
  2 sky beasts
  2 black bears (Lair:1)
  An orc warrior (D:6)
  3 ogres
  5 centaurs
  A phantom (D:4)
  9 bullfrogs
  A scorpion (D:5)
  5 wights (D:6)
  2 howler monkeys
  A bullfrog zombie (D:5)
  Crazy Yiuf (D:2)
  A hound (D:5)
  7 orc priests
  A centaur skeleton (D:4)
  9 orc wizards
  Natasha (thrice) (D:2)
  An iguana (D:5)
  5 worker ants
  2 hound skeletons
  Robin (D:4)
  A howler monkey skeleton (D:8)
  A howler monkey zombie (D:6)
  5 gnolls
  8 adders
  2 shadow imps (D:5)
  2 white imps
  An ufetubus (D:5)
  3 worms (D:2)
  2 dart slugs
  6 leopard geckos
  34 orcs
  A ball python (D:2)
  9 bats
  A giant cockroach (D:5)
  25 goblins
  10 hobgoblins
  16 jackals
  4 quokkas
  5 frilled lizards
  9 kobolds
  A quokka skeleton (D:4)
  A quokka zombie (D:5)
  12 rats
259 creatures vanquished.

Vanquished Creatures (others)
  A human (D:3)
  A fungus (Lair:1)
  5 plants
7 creatures vanquished.

Grand Total: 266 creatures vanquished

Notes
Turn   | Place    | Note
-------+----------+-------------------------------------------
     0 | D:1      | EldarEldrad the Minotaur Berserker began the quest for the
                  | Orb.
     0 | D:1      | Reached XP level 1. HP: 19/19 MP: 0/0
   135 | D:1      | Reached skill level 4 in Axes
   322 | D:1      | Reached XP level 2. HP: 26/26 MP: 1/1
   557 | D:1      | Reached skill level 1 in Shields
   644 | D:1      | Reached ** piety under Trog
   987 | D:1      | Reached XP level 3. HP: 31/31 MP: 2/2
  1217 | D:2      | Reached skill level 5 in Axes
  1363 | D:2      | You fall into a shaft and drop 1 floor!
  1464 | D:3      | Reached XP level 4. HP: 39/39 MP: 3/3
  1685 | D:3      | Found an ancient bone altar of Kikubaaqudgha.
  1686 | D:3      | Noticed a human
  1689 | D:3      | Killed a human
  1759 | D:3      | Noticed Sigmund
  1769 | D:3      | Killed Sigmund
  1770 | D:3      | Reached skill level 7 in Axes
  1770 | D:3      | Reached XP level 5. HP: 45/45 MP: 4/4
  1872 | D:3      | Reached XP level 6. HP: 50/51 MP: 5/5
  1915 | D:2      | Noticed Natasha
  1922 | D:2      | Killed Natasha
  2061 | D:2      | Found an iron altar of Okawaru.
  2061 | D:2      | Noticed Natasha
  2083 | D:2      | Killed Natasha
  2108 | D:2      | Noticed Natasha
  2143 | D:2      | Killed Natasha
  2408 | D:2      | Found a runed translucent door.
  2409 | D:2      | Noticed Crazy Yiuf
  2420 | D:2      | Killed Crazy Yiuf
  2587 | D:2      | Found a hide-covered altar of Uskayaw.
  3091 | D:3      | Reached *** piety under Trog
  3445 | D:4      | Found an opulent altar of Gozag.
  3462 | D:4      | Reached skill level 8 in Axes
  3462 | D:4      | Reached XP level 7. HP: 57/57 MP: 6/6
  3604 | D:4      | Reached skill level 5 in Shields
  3654 | D:4      | Noticed Edmund
  3668 | D:4      | Killed Edmund
  3669 | D:4      | Reached skill level 9 in Axes
  3680 | D:4      | Noticed Robin
  3733 | D:4      | Killed Robin
  3953 | D:4      | Reached skill level 10 in Axes
  4228 | D:4      | Reached XP level 8. HP: 62/64 MP: 7/7
  4452 | D:5      | Entered Level 5 of the Dungeon
  4766 | D:5      | Found a sparkling altar of Nemelex Xobeh.
  4779 | D:5      | Reached **** piety under Trog
  4794 | D:5      | Found Femed's Assorted Antiques.
  4809 | D:5      | Bought 2 scrolls of identify for 96 gold pieces
  4809 | D:5      | Bought a scroll labelled TUWIFFUTRO for 24 gold pieces
  4809 | D:5      | Bought a scroll labelled NOBI YHACYOTS for 24 gold pieces
  4809 | D:5      | Bought a potion of might for 96 gold pieces
  4809 | D:5      | Bought a sapphire potion for 21 gold pieces
  4828 | D:5      | Reached skill level 11 in Axes
  5360 | D:5      | Reached skill level 12 in Axes
  5477 | D:5      | Found a shadowy altar of Dithmenos.
  6013 | D:6      | Found a staircase to the Ecumenical Temple.
  6032 | Temple   | Entered the Ecumenical Temple
  6408 | D:6      | Reached skill level 13 in Axes
  6408 | D:6      | Reached XP level 9. HP: 30/67 MP: 8/8
  6760 | D:6      | Noticed Eustachio
  6799 | D:6      | Killed Eustachio
  7248 | D:6      | Reached skill level 14 in Axes
  7267 | D:6      | Found a basalt altar of Yredelemnul.
  7688 | D:7      | Reached skill level 5 in Fighting
  7726 | D:7      | Noticed Prince Ribbit
  7738 | D:7      | Killed Prince Ribbit
  7837 | D:7      | Reached skill level 5 in Armour
  7839 | D:7      | Reached ***** piety under Trog
  8162 | D:7      | Found Ragh's Antique Weapon Boutique.
  8346 | D:7      | Found a shimmering blue altar of Sif Muna.
  8564 | D:8      | Found a blossoming altar of Fedhas.
  8575 | D:8      | Found a burning altar of Makhleb.
  8787 | D:8      | Found a staircase to the Lair.
  8992 | D:8      | Found a glowing golden altar of the Shining One.
  9209 | D:8      | Found a sparkling altar of Nemelex Xobeh.
  9448 | Lair:1   | Entered Level 1 of the Lair of Beasts
  9456 | Lair:1   | Reached XP level 10. HP: 81/81 MP: 9/9
  9716 | Lair:1   | Noticed a five-headed hydra
  9727 | Lair:1   | Killed a five-headed hydra
  9728 | Lair:1   | Reached skill level 10 in Armour
  9817 | Lair:1   | Noticed a black mamba
  9824 | Lair:1   | Killed a black mamba
  9995 | Lair:1   | Noticed an oklob plant
  9995 | Lair:1   | Noticed an oklob plant
  9995 | Lair:1   | Noticed an oklob plant
 10185 | Lair:1   | Found a broken altar of Ashenzari.
 10213 | Lair:1   | Reached skill level 1 in Evocations
 10339 | Lair:1   | Noticed a four-headed hydra
 10347 | Lair:1   | Reached XP level 11. HP: 91/91 MP: 10/10
 10358 | Lair:1   | Killed a four-headed hydra
 10446 | Lair:1   | You fall into a shaft and drop 1 floor!
 10786 | Lair:1   | You fall into a shaft and drop 1 floor!
 10922 | Lair:2   | HP: 5/141 [komodo dragon (23)]
 10924 | Lair:2   | Reached skill level 5 in Evocations
 10924 | Lair:2   | Slain by a black mamba

Illustrated notes

Levels and vault maps discovered:
D:1:      ncdulo_smallfort, layout_basic, minmay_misc_feat_nine_boxes,
          dk_noncrumbling_2, minmay_rat_gold_closets
D:2:      layout_loops_ring, kennysheep_okawaru_gauntlet,
          eat_drink_and_be_merry_uskayaw, serial_bayou_pond_b,
          minmay_misc_feat_plants, lightli_corner_chamber,
          uniq_crazy_yiuf_cottage, uniq_natasha
D:3:      layout_loops_ring, tgw_kikubaaqudgha, uniq_sigmund
D:4:      layout_loops_cross, kennysheep_little_box, uniq_edmund, uniq_robin
D:5:      layout_loops_corners, nemelex_xobeh_ov_fountains_minmay,
          lemuel_doored_altar, serial_shops, nicolae_shop_overgrown_old_shop
D:6:      layout_basic, nicolae_overflow_crystal_walls,
          minmay_temple_entry_statues_fountains, kennysheep_generic_room_5,
          uniq_eustachio
D:7:      layout_loops_ring, lemuel_blue_sif_altar, serial_shops,
          nicolae_shop_overgrown_old_shop, hangedman_decor_lopped,
          uniq_prince_ribbit1
D:8:      layout_loops_corners, minitemple, overflow_temple_1_default,
          lair_entry_dummy, lemuel_tele_altar
Temple:   jpeg_temple_alley_garden
Lair:1:   layout_layer_cave, basic_altar, bh_autumn_forest_stairs,
          grunt_forest_small_clearing_treed, lemuel_fruit_tree,
          minmay_lair_oklob_chamber
Lair:2:   layout_hall_layers, st_stairs_6, grunt_megastairs_4

Skill      XL: |  1  2  3  4  5  6  7  8  9 10 11 |
---------------+----------------------------------+-----
Axes           | 4 5 7 8 10 13 14 | 14.0
Shields        | 1 2 3 4 5 |  5.0
Fighting       | 5 6 8 |  8.0
Armour         | 8 12 | 12.0
Evocations     | 2 5 |  5.0
Dodging        | |  2.2

Action                   |  1- 3 |  4- 6 |  7- 9 | 10-12 || total
-------------------------+-------+-------+-------+-------++-------
Melee: Hand axe          |    85 |    96 |   460 |    23 ||   664
       Headbutt          |    13 |    19 |   106 |    33 ||   171
       War axe           |       |       |       |   142 ||   142
       Flail             |       |       |       |    18 ||    18
Throw: Stone             |    39 |    58 |     4 |       ||   101
       Dart              |       |       |    17 |       ||    17
Invok: Berserk           |     1 |     4 |     5 |     4 ||    14
       Trog's Hand       |     1 |     4 |     2 |     1 ||     8
Evoke: Wand              |       |       |     1 |       ||     1
  Use: Scroll            |       |       |    15 |     1 ||    16
       Potion            |       |       |       |     2 ||     2
Armor: Leather armour    |     6 |       |       |       ||     6
       Animal skin       |     1 |       |       |       ||     1
       Ring mail         |     7 |    23 |    77 |    68 ||   175
Dodge: Dodged            |    37 |    38 |   101 |    83 ||   259
Block: Buckler           |       |       |   119 |    41 ||   160
       Reflection        |       |       |     3 |       ||     3

Table legend: (Time is in decaauts)
 A = Elapsed time spent in this place.
 B = Non-inter-level travel time spent in this place.
 C = Inter-level travel time spent in this place.
 D = Time resting spent in this place.
 E = Time spent auto-exploring this place.
 F = Levels seen in this place.
 G = Mean time per level.
                   A        B        C        D        E       F      G
               +--------+--------+--------+--------+--------+-----+--------+
         Total |  10892 |  10364 |    528 |    980 |   7077 |  11 |  990.2 |
       Dungeon |   9197 |   8722 |    475 |    702 |   6051 |   8 | 1149.6 |
        Temple |    230 |    177 |     53 |      0 |    176 |   1 |  230.0 |
          Lair |   1464 |   1464 |      0 |    278 |    850 |   2 |  732.0 |
               +--------+--------+--------+--------+--------+-----+--------+

Top non-repeatable levels by time:
     D:5: 1545 daAuts
  Lair:1: 1278 daAuts
     D:6: 1262 daAuts
     D:1: 1218 daAuts
     D:2: 1192 daAuts
     D:3: 1183 daAuts
     D:4: 1080 daAuts
     D:8: 891 daAuts
     D:7: 823 daAuts
  Temple: 230 daAuts
  Lair:2: 186 daAuts
